 Dungeon Crawl Stone Soup version 0.29-a0-700-g2f1814c7b2 (webtiles) character file.

Game seed: 9021640685770748053

31 lunkers the Chopper (level 3, -2/33 HPs)
             Began as a Meteoran Fighter on June 25, 2022.
             Succumbed to a goblin's poison
             ... on level 2 of the Dungeon.
             The game lasted 00:00:50 (259 turns).

lunkers the Chopper (Meteoran Fighter)               Turns: 259, Time: 00:00:51

Health: -2/33      AC:  6    Str: 19    XL:     3   Next: 61%
Magic:  4/4        EV:  9    Int: 10    God:
Gold:   12         SH:  5    Dex: 13    Spells: 2/2 levels left

rFire   . . .      SeeInvis .   a - +0 war axe
rCold   . . .      Faith    .   c - +0 buckler
rNeg    . . .      Spirit   .   b - +0 scale mail
rPois   .          Reflect  .   (no helmet)
rElec   .          Harm     .   (no cloak)
rCorr   .          Rampage  .   (no gloves)
Will    .....                   (no boots)
Stlth   ..........              (no amulet)
HPRegen 0.11/turn               (no ring)
MPRegen 0.09/turn               (no ring)

@: lethally poisoned (-2 -> -19), glowing
A: sense surroundings 1, otherworldly, glowing, explore regen
a: no special abilities


You were on level 2 of the Dungeon.
You visited 1 branch of the dungeon, and saw 2 of its levels.

You collected 12 gold pieces.

Inventory:

Hand Weapons
 a - a +0 war axe (weapon)
Armour
 b - a +0 scale mail (worn)
 c - a +0 buckler (worn)
Scrolls
 e - a scroll of fear {unknown}
Potions
 d - a potion of might


   Skills:
 + Level 3.8 Fighting
 * Level 3.8 Axes
 - Level 3.6 Armour
 - Level 3.6 Shields


You had 2 spell levels left.
You didn't know any spells.
Your spell library contained the following spells:

 Spells                   Type           Power      Damage    Failure   Level
 Animate Dead             Necr           0%         N/A       100%        4
 Haunt                    Necr/Summ      0%         N/A       100%        7
 Infestation              Necr           0%         N/A       100%        8


Dungeon Overview and Level Annotations

Branches:
Dungeon (2/15) Zot: 921

Altars:

Shops:
D:1 (


Innate Abilities, Weirdness & Mutations

You passively map a small area around you.
You are easily found by Zot.
You glow in the dark.
You regain HP and MP as you explore.


Message History

The bat hits you but does no damage. The frilled lizard barely misses you.
The goblin hits you but does no damage.
You are poisoned.
You closely miss the goblin. You hit the frilled lizard.
You feel very sick. The bat hits you but does no damage.
The frilled lizard bites you.
The goblin hits you with a +2 dagger of venom.
You are more poisoned.
You block the frilled lizard's attack. The goblin barely misses you.
You closely miss the frilled lizard.
The frilled lizard is heavily wounded.
You barely miss the goblin.
You feel very sick.
The bat hits you but does no damage. x2; The frilled lizard barely misses you.
The goblin hits you with a +2 dagger of venom.
You are lethally poisoned!
You hit the frilled lizard.
You kill the frilled lizard!
You miss the bat. You closely miss the goblin.
* * * LOW HITPOINT WARNING * * *
You feel very sick. The bat hits you but does no damage.
The bat closely misses you.
The goblin hits you with a +2 dagger of venom.
* * * LOW HITPOINT WARNING * * *
You are more poisoned.
The bat hits you but does no damage.
Unknown command.
You slash the goblin!
You kill the goblin!
You slash the bat!
You kill the bat!
* * * LOW HITPOINT WARNING * * *
You feel extremely sick.
Unknown command.
Okay, then.
* * * LOW HITPOINT WARNING * * *
You feel very sick.
Things that are here:
a +2 dagger of venom; a goblin corpse You die...

, ######### , #.......#
*########## * #.......#
#.........# , #.......#
#.##....... ,
#.......#####.##.#.≈≈≈.
+.......+.....##...≈_≈.
,
#......)##....####.≈≈≈.
** #.....@.......#
#.....
#.......##....####.###.
#.......##.............
##########....#######.#
, , , +....'.# ###.# *
#....#.# #...# *
#...)..###...# *
##....##..)...
....##...†##.


There were no monsters in sight!

Vanquished Creatures
  An adder (D:2)
  A dart slug (D:1)
  3 bats
  An endoplasm (D:1)
  3 goblins
  3 hobgoblins (D:1)
  A kobold (D:2)
  2 quokkas
  3 ball pythons (D:1)
  A frilled lizard (D:2)
  A rat (D:2)
20 creatures vanquished.

Notes
Turn   | Place    | Note
-------+----------+-------------------------------------------
     0 | D:1      | lunkers the Meteoran Fighter began the quest for the Orb.
     0 | D:1      | Reached XP level 1. HP: 19/19 MP: 2/2
    30 | D:1      | Reached XP level 2. HP: 23/26 MP: 3/3
    89 | D:1      | Found Julyenoch's Weapon Shoppe.
   120 | D:2      | Reached XP level 3. HP: 12/33 MP: 4/4
   224 | D:2      | Found a faded altar of an unknown god.
   259 | D:2      | Succumbed to a goblin's poison

Illustrated notes

Levels and vault maps discovered:
D:1:      minmay_arrival_four_circles, layout_basic, serial_shops, shop_statue,
          serial_forest, infiniplex_forest_clump_cross,
          infiniplex_forest_clump_curved, infiniplex_forest_straight_3,
          infiniplex_forest_clump_long, infiniplex_forest_end_1, st_stairs_7,
          minmay_pentomino_t2
D:2:      kennysheep_the_goblin_king, layout_basic, serial_undead,
          serial_undead_f, serial_undead_b, serial_undead_c, serial_undead_a,
          hellmonk_ecumenical_altar_pennies_from_heaven, basic_altar,
          nrook_mini_backslash, minmay_misc_feat_rugged

Skill      XL: |  1  2 |
---------------+-------+-----
Axes           | 3 |  3.8
Fighting       | |  3.8
Armour         | |  3.6
Shields        | |  3.6

Action                   || total
-------------------------++-------
Melee: War axe           ||    47
Armor: Scale mail        ||    35
Dodge: Dodged            ||    30
Block: Buckler           ||    14

Table legend: (Time is in decaauts)
 A = Elapsed time spent in this place.
 B = Non-inter-level travel time spent in this place.
 C = Inter-level travel time spent in this place.
 D = Time resting spent in this place.
 E = Time spent auto-exploring this place.
 F = Levels seen in this place.
 G = Mean time per level.
                   A        B        C        D        E       F      G
               +--------+--------+--------+--------+--------+-----+--------+
         Total |    278 |    261 |     17 |      0 |    122 |   2 |  139.0 |
       Dungeon |    278 |    261 |     17 |      0 |    122 |   2 |  139.0 |
               +--------+--------+--------+--------+--------+-----+--------+

Top non-repeatable levels by time:
     D:2: 162 daAuts
     D:1: 116 daAuts
